 Dungeon Crawl Stone Soup version 0.27-a0-1036-g8e1b44f6bd (webtiles) character file.

Game seed: 10021684884943466972

3172 voltaire321 the Ducker (level 9, -2/66 HPs)
             Began as a Djinni Gladiator on Apr 19, 2021.
             Was a Priest of Elyvilon.
             Slain by a two-headed ogre
             ... wielding a +0 dire flail
              (12 damage)
             ... on level 8 of the Dungeon.
             The game lasted 00:26:41 (9799 turns).

voltaire321 the Ducker (Djinni Gladiator)           Turns: 9799, Time: 00:26:41

Health: -2/66      AC:  4    Str: 13    XL:     9   Next: 94%
Gold:   394        EV: 19    Int: 18    God:    Elyvilon [***...] SH:  5 Dex: 17

rFire    + + .     SeeInvis .   h - +6 long sword of Exquisite Torment {freeze, rC+ Int+7}
rCold    . . .     Faith    .   (no shield)
rNeg     . . .     Spirit   .   b - +0 leather armour
rPois    ∞         Reflect  +   c - +0 helmet
rElec    .         Harm     .   (no cloak)
rCorr    .         Rampage  .   (no gloves)
Will     .....                  (boots unavailable)
Stlth    +.........             v - amulet of reflection
HPRegen  0.21/turn              o - +4 ring of evasion
MPRegen  0.00/turn              r - ring of wizardry

@: flying
A: fire resistance 2, cold vulnerability 1, float, innate caster, hp casting,
extra vitality 1
a: Renounce Religion, Lesser Healing, Heal Other, Purification, Divine
Protection


You were on level 8 of the Dungeon.
You worshipped Elyvilon.
Elyvilon was most pleased with you.
You visited 2 branches of the dungeon, and saw 10 of its levels.

You collected 394 gold pieces.

Inventory:

Hand Weapons
 h - the +6 long sword of Exquisite Torment (weapon) {freeze, rC+ Int+7}
   (You found it on level 8 of the Dungeon)

   It has been specially enchanted to freeze those struck by it, causing extra
   injury to most foes and up to half again as much damage against particularly
   susceptible opponents.
   It can also slow down cold-blooded creatures.
   It affects your intelligence (+7).
   It protects you from cold.
 u - a +2 dagger of electrocution
 x - a +4 short sword
Missiles
 d - 3 throwing nets (quivered)
Armour
 b - a +0 leather armour (worn)
 c - a +0 helmet (worn)
Jewellery
 o - a +4 ring of evasion (left hand)
 r - a ring of wizardry (right hand)
 v - an amulet of reflection (around neck)
Wands
 p - a wand of charming (7)
 q - a wand of paralysis (1)
Scrolls
 a - 2 scrolls of enchant weapon
 f - 3 scrolls of identify
 n - 4 scrolls of teleportation
 s - a scroll of summoning
 t - a scroll of blinking {unknown}
Potions
 e - a potion of invisibility {unknown}
 g - a potion of brilliance {unknown}
 i - a potion of heal wounds {unknown}
 j - 9 potions of curing
 k - 4 potions of degeneration {unknown}
 m - 2 potions of mutation {unknown}
 w - a potion of ambrosia {unknown}


   Skills:
 + Level 6.1 Fighting
 - Level 6.1 Short Blades
 + Level 0.0(3.6) Long Blades
 - Level 1.5 Throwing
 - Level 5.0 Armour
 + Level 7.1 Dodging
 + Level 4.6 Spellcasting
 + Level 4.4 Invocations


You had 8 spell levels left.
You knew the following spells:

 Your Spells              Type           Power      Damage    Failure   Level
a - Beastly Appendage     Tmut           40%        N/A       1%          1
b - Ensorcelled Hibernat  Hex/Ice        40%        N/A       1%          2
c - Summon Guardian Gole  Hex/Summ       20%        N/A       3%          3
d - Gell's Gravitas       Tloc           10%        N/A       3%          3
Your spell library was empty.

Dungeon Overview and Level Annotations

Branches:
Dungeon (9/15)             Temple (1/1) D:4             Orc (0/2) D:9
   Lair: D:8-11

Altars:
Cheibriados
Elyvilon
Fedhas
Hepliaklqana
Kikubaaqudgha
Makhleb
Okawaru
Qazlal
Sif Muna
Trog
Vehumet
Zin
The Shining One

Shops:
D:8 [   D:9 ([


Innate Abilities, Weirdness & Mutations

You are immune to poison.
Your flesh is very heat resistant. (rF++)
You are vulnerable to cold. (rC-)
You float through the air rather than walking.
You learn spells naturally, not from books.
Your magical power is your life essence.
You have superior vitality. (+4 HP)


Message History

Found a bloodstained long sword.
Your horns disappear.
Your +0 helmet unmelds from your body.
The kobold brigand throws a curare-tipped dart.
The curare-tipped dart closely misses you.
The kobold brigand throws a curare-tipped dart.
The curare-tipped dart hits you.
Found Fyaxzu Gei's Armour Emporium.
You see here the +6 long sword of Exquisite Torment {freeze, rC+ Int+7}.
h - the +6 long sword of Exquisite Torment {freeze, rC+ Int+7} The kobold brigand throws a curare-tipped dart.
The curare-tipped dart closely misses you.
There is an entrance to Fyaxzu Gei's Armour Emporium here.
Your +2 dagger of electrocution stops crackling.
You feel clever.
The +6 long sword of Exquisite Torment {freeze, rC+ Int+7} glows with a cold blue light!
h - the +6 long sword of Exquisite Torment (weapon)
{freeze, rC+ Int+7} The kobold brigand throws a curare-tipped dart.
The curare-tipped dart hits you.
You barely miss the two-headed ogre. The two-headed ogre barely misses you.
The two-headed ogre hits you with a +0 giant club!!
You hit the two-headed ogre. You freeze the two-headed ogre.
The two-headed ogre is lightly wounded.
You block the two-headed ogre's attack. The two-headed ogre misses you.
The kobold brigand hits you with a +0 short sword. x2
You slash the two-headed ogre! You freeze the two-headed ogre.
The two-headed ogre is moderately wounded.
The two-headed ogre hits you with a +0 dire flail.
You block the two-headed ogre's attack. You block the kobold brigand's attack.
You closely miss the two-headed ogre.
The two-headed ogre is moderately wounded.
The two-headed ogre hits you with a +0 dire flail!!
* * * LOW HITPOINT WARNING * * *
You block the two-headed ogre's attack. The kobold brigand closely misses you.
You riposte.
You hit the kobold brigand. You freeze the kobold brigand.
The kobold brigand is moderately wounded.
You slash the two-headed ogre! You freeze the two-headed ogre.
The two-headed ogre is heavily wounded.
The two-headed ogre hits you with a +0 dire flail!
You die...

,****,,,,.##......##...##
,,,,,,,,,..........##.##
*****,,,,#...#......#+#
,,,,,,***##.,#........#
******* #**#..#######
#..# #.Z# ###KO####
#...K@∩.# * #...K...# *
#.......# **** #.......#
,,,* #.......# ****
#########


You could see a two-headed ogre, a kobold brigand, a centaur zombie and 2
kobolds.

Vanquished Creatures
  Joseph (D:7)
  Grinder (D:3)
  4 yaks (D:9)
  Duvessa (D:7)
  A black bear (D:6)
  An orc warrior (D:9)
  An ice beast (D:6)
  5 centaurs
  2 ogres (D:4)
  A phantom (D:4)
  A kobold brigand (D:9)
  2 bullfrogs
  Dowan (D:7)
  A water moccasin zombie (D:6)
  5 scorpions
  A water moccasin skeleton (D:5)
  A bullfrog zombie (D:5)
  3 centaur zombies
  An orc priest (D:2)
  2 hounds
  An iguana (D:4)
  Terence (D:3)
  3 orc wizards
  A killer bee zombie (D:6)
  A hound skeleton (D:2)
  Robin (D:2)
  6 adders
  3 gnolls (D:4)
  A shadow imp (D:5)
  A worm (D:3)
  2 dart slugs
  16 orcs
  7 bats
  5 endoplasms
  5 giant cockroaches
  18 goblins
  4 hobgoblins
  4 jackals
  14 kobolds
  5 quokkas
  5 ball pythons
  4 frilled lizards
  3 rats
147 creatures vanquished.

Vanquished Creatures (others)
  A kobold (D:8)
  2 fungi (D:3)
  4 plants (D:3)
7 creatures vanquished.

Grand Total: 154 creatures vanquished

Notes
Turn   | Place    | Note
-------+----------+-------------------------------------------
     0 | D:1      | voltaire321 the Djinni Gladiator began the quest for the
                  | Orb.
     0 | D:1      | Reached XP level 1. HP: 18/18 MP: 0/0
   150 | D:1      | Reached XP level 2. HP: 23/23 MP: 0/0
   225 | D:1      | You are sucked into a shaft and drop 1 floor!
   342 | D:1      | Found a faded altar of an unknown god.
  1047 | D:2      | Reached XP level 3. HP: 19/29 MP: 0/0
  1047 | D:2      | Learned a level 1 spell: Beastly Appendage
  1157 | D:2      | Reached skill level 1 in Spellcasting
  1358 | D:2      | Reached XP level 4. HP: 8/34 MP: 0/0
  1822 | D:2      | Noticed Robin
  1839 | D:2      | Reached skill level 1 in Armour
  1846 | D:2      | Killed Robin
  2346 | D:2      | Reached skill level 4 in Dodging
  2759 | D:3      | Reached XP level 5. HP: 40/40 MP: 0/0
  2759 | D:3      | Learned a level 2 spell: Ensorcelled Hibernation
  2819 | D:3      | Noticed Terence
  2836 | D:3      | Killed Terence
  3097 | D:3      | Noticed Grinder
  3122 | D:3      | Paralysed by Grinder for 7 turns
  3128 | D:3      | HP: 2/40 [Grinder (5)]
  3570 | D:3      | Found an iron altar of Okawaru.
  3720 | D:3      | Found a stormy altar of Qazlal.
  3721 | D:3      | Found a blossoming altar of Fedhas.
  3772 | D:2      | Reached XP level 6. HP: 6/46 MP: 0/0
  4214 | D:3      | Killed Grinder
  4215 | D:3      | Reached XP level 7. HP: 51/51 MP: 0/0
  4215 | D:3      | Learned a level 3 spell: Summon Guardian Golem
  4425 | D:4      | Found a staircase to the Ecumenical Temple.
  4618 | Temple   | Entered the Ecumenical Temple
  4727 | Temple   | Became a worshipper of Elyvilon the Healer
  4768 | D:4      | Found a bloodstained altar of Trog.
  4840 | D:4      | Reached skill level 5 in Dodging
  5382 | D:4      | Reached skill level 1 in Invocations
  5524 | D:4      | Reached XP level 8. HP: 47/58 MP: 0/0
  5805 | D:5      | Entered Level 5 of the Dungeon
  6016 | D:5      | Reached * piety under Elyvilon
  6697 | D:5      | Identified the +1 leather armour of Usopeuh {Int+2}
  7158 | D:6      | Reached skill level 5 in Short Blades
  7183 | D:6      | Reached ** piety under Elyvilon
  7238 | D:6      | Reached skill level 6 in Dodging
  7312 | D:6      | Reached skill level 5 in Fighting
  7406 | D:6      | Reached XP level 9. HP: 10/65 MP: 0/0
  7406 | D:6      | Learned a level 3 spell: Gell's Gravitas
  8293 | D:7      | Noticed Duvessa
  8298 | D:7      | Noticed Dowan
  8306 | D:7      | Killed Duvessa
  8312 | D:7      | Killed Dowan
  8557 | D:7      | Noticed Joseph
  8577 | D:7      | Killed Joseph
  8580 | D:7      | Identified the +3 halberd of a sewer {freeze, Int+4 Dex+4}
  8918 | D:7      | You are sucked into a shaft and drop 2 floors!
  9019 | D:9      | Reached *** piety under Elyvilon
  9174 | D:9      | Reached skill level 5 in Armour
  9454 | D:9      | Identified the +9 trident "Fyfax" {venom, *Corrode rC+
                  | Str+2}
  9456 | D:9      | Found Bekkadik's Armour Shop.
  9481 | D:9      | Reached skill level 7 in Dodging
  9728 | D:9      | Found a staircase to the Orcish Mines.
  9730 | D:9      | Found Jicoh's Weapon Shop.
  9771 | D:8      | Noticed a two-headed ogre
  9787 | D:8      | Found Fyaxzu Gei's Armour Emporium.
  9788 | D:8      | Identified the +6 long sword of Exquisite Torment {freeze,
                  | rC+ Int+7}
  9799 | D:8      | Slain by a two-headed ogre

Illustrated notes

Levels and vault maps discovered:
D:1:      minmay_arrival_nine_rooms, layout_loops_ring,
          shapermc_ecumenical_altar_mp_ritualfount
D:2:      minmay_razor_zed, layout_basic, kennysheep_generic_room_3, uniq_robin
D:3:      layout_rooms, grunt_temple_overflow_forces_of_nature,
          okawaru_metal_pillars_1_2, uniq_terence, uniq_grinder
D:4:      layout_loops_ring, lemuel_doored_altar,
          minmay_temple_entry_large_hall, corexii_checkpoint_b
D:5:      layout_basic
D:6:      layout_basic
D:7:      layout_loops_ring, kennysheep_little_box, grunt_temple_overflow_open,
          hellmonk_ghost_happy_afterlife, kennysheep_opposing_triangles,
          uniq_joseph, uniq_duvessa
D:8:      layout_rooms, serial_shops, shop, enter_ossuary_3, grunt_ministairs_15
D:9:      layout_basic, orc_david_3
Temple:   nicolae_temple_figure_zero

Skill      XL: |  1  2  3  4  5  6  7  8  9 |
---------------+----------------------------+-----
Short Blades   | 3 4 5 6 |  6.1
Spellcasting   | 1 2 3 4 |  4.6
Armour         | 1 2 3 4 5 |  5.0
Dodging        | 4 5 6 7 |  7.1
Fighting       | 3 4 5 6 |  6.1
Invocations    | 1 2 4 |  4.4
Throwing       | |  1.5

Action                   |  1- 3 |  4- 6 |  7- 9 || total
-------------------------+-------+-------+-------++-------
Melee: Rapier            |   103 |   182 |    26 ||   311
       Headbutt          |       |     7 |    16 ||    23
       Dagger            |       |       |   281 ||   281
       Long sword        |       |       |     5 ||     5
 Cast: Beastly Appendage |     1 |     5 |    10 ||    16
       Ensorcelled Hiber |       |       |    49 ||    49
Invok: Lesser Healing    |       |       |     2 ||     2
Evoke: Wand              |       |     8 |       ||     8
  Use: Scroll            |       |       |    10 ||    10
 Stab: Paralysed         |       |     6 |       ||     6
       Sleeping          |       |       |    22 ||    22
Armor: Leather armour    |    20 |    38 |    38 ||    96
Dodge: Dodged            |    86 |   199 |   257 ||   542
Block: Other             |       |       |    35 ||    35
       Reflection        |       |       |     1 ||     1
       Rpst.: Long sword |       |       |     1 ||     1

Table legend: (Time is in decaauts)
 A = Elapsed time spent in this place.
 B = Non-inter-level travel time spent in this place.
 C = Inter-level travel time spent in this place.
 D = Time resting spent in this place.
 E = Time spent auto-exploring this place.
 F = Levels seen in this place.
 G = Mean time per level.
                   A        B        C        D        E       F      G
               +--------+--------+--------+--------+--------+-----+--------+
         Total |   9743 |   9465 |    278 |   2833 |   4949 |  10 |  974.3 |
       Dungeon |   9620 |   9342 |    278 |   2833 |   4851 |   9 | 1068.9 |
        Temple |    122 |    122 |      0 |      0 |     98 |   1 |  122.0 |
               +--------+--------+--------+--------+--------+-----+--------+

Top non-repeatable levels by time:
     D:2: 2730 daAuts
     D:4: 1382 daAuts
     D:6: 1331 daAuts
     D:5: 1108 daAuts
     D:1: 876 daAuts
     D:9: 817 daAuts
     D:3: 713 daAuts
     D:7: 621 daAuts
  Temple: 122 daAuts
     D:8: 39 daAuts
